 Dungeon Crawl Stone Soup version 0.23-a0-730-g0b75920 (console) character file.

10500 Voker57 the Carver (level 11, -3/78 HPs)
             Began as a Demonspawn Gladiator on Jan 17, 2019.
             Was a High Priest of Hepliaklqana.
             Slain by a komodo dragon (4 damage)
             ... on level 2 of the Lair of Beasts.
             The game lasted 00:13:46 (9968 turns).

Voker57 the Carver (Demonspawn Gladiator)           Turns: 9968, Time: 00:13:46

Health: -3/78      AC:  4    Str: 14    XL:     11   Next: 37%
Magic:  0/12       EV: 14    Int: 10    God:    Hepliaklqana [*****.]
Gold:   712        SH:  3    Dex: 18    Spells: 10/10 levels left

rFire    + . .     SeeInvis .   d - +8 demon blade {vamp, rN+ AC-3 EV-3}
rCold    + . .     Gourm    .   (no shield)
rNeg     + . .     Faith    .   y - +0 leather armour
rPois    .         Spirit   +   (helmet restricted)
rElec    .         Reflect  +   (no cloak)
rCorr    .         Harm     .   (no gloves)
MR       .....                  (no boots)
Stlth    +.........             z - +3 amulet of reflection
HPRegen  0.23/turn              w - ring of protection from fire
MPRegen  0.13/turn              H - ring of protection from cold

@: no status effects
A: reduced essence, antennae 1, iridescent scales 2, spiny 2, magic shield
a: Recall Ancestor, Ancestor Identity, Transference, Idealise, Renounce Religion


You were on level 2 of the Lair of Beasts.
You worshipped Hepliaklqana.
Hepliaklqana was extremely pleased with you.
You were not hungry.

You visited 2 branches of the dungeon, and saw 11 of its levels.

You collected 712 gold pieces.

Inventory:

Hand Weapons
 a - a +1 long sword
 b - a +2 flail of venom
 d - the +8 demon blade "Leech" (weapon) {vamp, rN+ AC-3 EV-3}
   (You found it on level 1 of the Lair of Beasts)

   It inflicts no extra harm, but heals its wielder when it wounds a living foe.
   It affects your AC (-3).
   It affects your evasion (-3).
   It protects you from negative energy.
 B - a cursed +0 dagger
 G - a +0 blowgun
Missiles
 I - 9 curare-tipped needles
 J - 3 throwing nets (quivered)
Armour
 c - a +1 helmet
 l - a -1 buckler
 y - a +0 leather armour (worn)
Jewellery
 p - a cursed ring of teleportation
 w - a ring of protection from fire (left hand)
 z - a +3 amulet of reflection (around neck)
 H - a ring of protection from cold (right hand)
Wands
 j - a wand of digging (15)
 x - a wand of acid (4)
 A - a wand of random effects (13)
 F - a wand of flame (34)
Scrolls
 g - 3 scrolls of immolation
 h - 2 scrolls of identify
 s - 2 scrolls of magic mapping
 u - 2 scrolls of fog
 v - a scroll of remove curse
 C - 6 scrolls of teleportation
 D - a scroll of amnesia {unknown}
 L - a scroll of enchant armour
 M - a scroll of silence
Potions
 e - a potion of degeneration
 i - 2 potions of haste
 k - 8 potions of curing
 m - a potion of cancellation
 n - 2 potions of might
 o - a potion of agility
 q - 2 potions of brilliance
 r - a potion of berserk rage
 t - 2 potions of heal wounds
 E - a potion of flight
 K - 2 potions of ambrosia {unknown}
Comestibles
 f - 30 rations


   Skills:
 + Level 8.4 Fighting
 * Level 10.8 Long Blades
 - Level 1.7 Throwing
 + Level 7.2 Armour
 + Level 7.9 Dodging
 + Level 1.6 Invocations


You had 10 spell levels left.
You didn't know any spells.
Your spell library was empty.

Dungeon Overview and Level Annotations

Branches:
Dungeon (9/15)             Temple (0/1) D:7            Lair (2/6) D:9
  Swamp: Lair:2-4    Shoals: Lair:2-4     Snake: Lair:2-4    Spider: Lair:2-4
    Orc: D:9-12

Altars:
Cheibriados
Dithmenos
Hepliaklqana
Kikubaaqudgha
Qazlal
Ru
Uskayaw
Vehumet
Wu Jian
Xom
Yredelemnul
Zin


Innate Abilities, Weirdness & Mutations

You have a pair of small antennae on your head.
You are mostly covered in iridescent scales. (AC +4)
You are mostly covered in sharp spines.
When hurt, damage is shared between your health and your magic reserves.
Your life essence is reduced to manifest your ancestor. (-10% HP)


Message History

You feel sick.
You hit the komodo dragon but do no damage.
You feel sick.
The komodo dragon is struck by your spines.
The komodo dragon bites you!!
A hippogriff comes into view.
You barely miss the komodo dragon.
The komodo dragon is lightly wounded.
You feel sick.
A swamp worm comes into view.
The komodo dragon bites you!
* * * LOW HITPOINT WARNING * * *
* * * LOW HITPOINT WARNING * * *
You feel sick.
You feel better.
A komodo dragon comes into view.
The crocodile bites you!!
* * * LOW HITPOINT WARNING * * *
The komodo dragon bites you.
You die...

.........#
.......#
.......#
#......#
#......#
#......##P
##.........
#?.†.P###.
##†..## #†.@#
##†lt##
#H†..P###
..⌠.l.#.#.##.#
......##.⌠..#
..... #.....#
⌠.<.⌠ +.w<.⌠#
...! #.....#
.... ##.⌠.##
..###


You could see 2 komodo dragons, a hippogriff, a swamp worm and a crocodile.

Vanquished Creatures
  Harold (Lair:1)
  The ghost of soark the Basher, a journeyman DsFi of Wu Jian (Lair:1)
  A hydra (Lair:1)
  A spiny frog (Lair:2)
  4 yaks (Lair:1)
  2 water moccasins
  3 porcupines
  A sky beast (D:5)
  A phantom (D:9)
  An ice beast (D:9)
  An ogre (D:4)
  2 centaurs (D:5)
  4 crocodiles
  Blork the orc (D:4)
  9 bullfrogs
  A scorpion (D:8)
  6 killer bees (D:8)
  A howler monkey (D:9)
  A crimson imp (D:9)
  A bullfrog zombie (D:8)
  5 hounds
  4 orc wizards
  2 jellies
  An orc priest (D:9)
  3 centaur skeletons
  An iguana (D:4)
  Natasha (thrice) (D:4)
  3 worker ants
  A worker ant zombie (D:5)
  A howler monkey skeleton (D:6)
  4 adders
  2 gnolls (D:7)
  3 oozes
  2 adder skeletons (D:7)
  2 adder zombies
  A dart slug (D:1)
  6 leopard geckos
  16 orcs
  4 ball pythons
  6 bats
  3 giant cockroaches
  7 goblins
  14 hobgoblins
  10 jackals
  A quokka (D:4)
  3 frilled lizards (D:1)
  A jackal skeleton (D:4)
  4 kobolds
  3 rats
  A plant (Lair:1)
160 creatures vanquished.

Vanquished Creatures (collateral kills)
  2 two-headed ogres (D:9)
  Sonja (Lair:1)
  2 oklob plants (Lair:1)
  A spiny frog (Lair:1)
  2 yaks (Lair:1)
  Edmund (D:5)
  A water moccasin (Lair:1)
  An orc warrior (D:8)
  2 sky beasts
  2 ice beasts
  A centaur (D:8)
  2 crocodiles
  A scorpion (D:7)
  2 hounds (D:9)
  A bullfrog skeleton (D:9)
  4 orc wizards
  2 iguanas
  A worker ant zombie (D:5)
  An adder (D:3)
  A gnoll (D:7)
  A dart slug (D:4)
  7 orcs
  A kobold (D:2)
40 creatures vanquished.

Vanquished Creatures (others)
  4 battlemagi
  An ancestor (D:4)
  A fungus (Lair:1)
  5 plants
11 creatures vanquished.

Grand Total: 211 creatures vanquished

Notes
Turn   | Place    | Note
-------+----------+-------------------------------------------
     0 | D:1      | Voker57 the Demonspawn Gladiator began the quest for the
                  | Orb.
     0 | D:1      | Reached XP level 1. HP: 16/16 MP: 1/1
   117 | D:1      | Gained mutation: You are partially covered in sharp spines.
                  | [demonic ancestry]
   117 | D:1      | Reached XP level 2. HP: 4/22 MP: 2/2
   456 | D:1      | Reached skill level 3 in Long Blades
   582 | D:1      | Gained mutation: When hurt, damage is shared between your
                  | health and your magic reserves. [demonic ancestry]
   582 | D:1      | Reached XP level 3. HP: 28/28 MP: 3/3
   761 | D:1      | Reached skill level 1 in Armour
  1102 | D:2      | Found a hazy altar of Hepliaklqana.
  1223 | D:2      | Became a worshipper of Hepliaklqana the Forgotten
  1456 | D:2      | Reached XP level 4. HP: 26/30 MP: 2/4
  1939 | D:3      | Reached * piety under Hepliaklqana
  1972 | D:3      | Found a glowing silver altar of Zin.
  2168 | D:4      | Reached skill level 4 in Long Blades
  2168 | D:4      | Gained mutation: You are partially covered in iridescent
                  | scales. (AC +2) [demonic ancestry]
  2168 | D:4      | Reached XP level 5. HP: 35/36 MP: 3/5
  2192 | D:4      | Noticed Natasha
  2201 | D:4      | Killed Natasha
  2225 | D:4      | Noticed Natasha
  2230 | D:4      | Killed Natasha
  2244 | D:4      | Noticed Natasha
  2312 | D:4      | Killed Natasha
  2326 | D:4      | Reached XP level 6. HP: 5/42 MP: 0/6
  3182 | D:5      | Entered Level 5 of the Dungeon
  3187 | D:5      | Found a radiant altar of Vehumet.
  3187 | D:5      | Noticed Blork the orc
  3205 | D:4      | Killed Blork the orc
  3205 | D:4      | Reached skill level 5 in Long Blades
  3205 | D:4      | Reached XP level 7. HP: 22/47 MP: 4/7
  3402 | D:5      | Reached ** piety under Hepliaklqana
  3404 | D:5      | Remembered your ancestor Sofian as a battlemage
  3717 | D:5      | Found a sacrificial altar of Ru.
  3902 | D:5      | Noticed Edmund
  3918 | D:5      | Killed Edmund
  4166 | D:5      | Reached skill level 6 in Long Blades
  4166 | D:5      | Gained mutation: You are mostly covered in sharp spines.
                  | [demonic ancestry]
  4166 | D:5      | Reached XP level 8. HP: 49/54 MP: 6/8
  4312 | D:6      | Found a basalt altar of Yredelemnul.
  4569 | D:6      | Found a shadowy altar of Dithmenos.
  4574 | D:6      | Reached skill level 5 in Dodging
  4588 | D:6      | Found an ancient bone altar of Kikubaaqudgha.
  4653 | D:6      | Found a stormy altar of Qazlal.
  4913 | D:7      | Reached skill level 5 in Fighting
  4925 | D:7      | Reached *** piety under Hepliaklqana
  4925 | D:7      | Found a staircase to the Ecumenical Temple.
  5455 | D:7      | Found a shimmering altar of Xom.
  5459 | D:7      | Found a glowing silver altar of Zin.
  5459 | D:7      | Found a shimmering altar of Xom.
  5462 | D:7      | Reached skill level 7 in Long Blades
  5477 | D:7      | Found a radiant altar of Vehumet.
  5477 | D:7      | Found a snail-covered altar of Cheibriados.
  5477 | D:7      | Found a hide-covered altar of Uskayaw.
  5685 | D:8      | Gained mutation: You are mostly covered in iridescent
                  | scales. (AC +4) [demonic ancestry]
  5685 | D:8      | Reached XP level 9. HP: 47/61 MP: 9/9
  6219 | D:8      | Reached **** piety under Hepliaklqana
  6695 | D:9      | Reached skill level 5 in Armour
  6736 | D:9      | Reached skill level 8 in Long Blades
  6804 | D:9      | Noticed a two-headed ogre
  6813 | D:9      | Killed a two-headed ogre
  7108 | D:9      | Found an ornate altar of the Wu Jian Council.
  7127 | D:9      | Noticed a two-headed ogre
  7136 | D:9      | Killed a two-headed ogre
  7136 | D:9      | Reached skill level 9 in Long Blades
  7136 | D:9      | Reached XP level 10. HP: 27/69 MP: 4/10
  7336 | D:9      | Found a staircase to the Lair.
  7635 | Lair:1   | Entered Level 1 of the Lair of Beasts
  7667 | Lair:1   | Noticed a seven-headed hydra
  7674 | Lair:1   | Killed a seven-headed hydra
  7780 | Lair:1   | Noticed an oklob plant
  7805 | Lair:1   | Noticed a spiny frog
  7817 | Lair:1   | Killed a spiny frog
  8119 | Lair:1   | Noticed Sonja
  8539 | Lair:1   | Reached skill level 10 in Long Blades
  8796 | Lair:1   | Killed Sonja
  8984 | Lair:1   | Found a large runed door.
  9015 | Lair:1   | Noticed Harold
  9026 | Lair:1   | Killed Harold
  9026 | Lair:1   | Gained mutation: You have a pair of small antennae on your
                  | head. [demonic ancestry]
  9026 | Lair:1   | Reached XP level 11. HP: 61/77 MP: 7/11
  9307 | Lair:1   | Reached ***** piety under Hepliaklqana
  9345 | Lair:1   | Found a large runed door.
  9348 | Lair:1   | Noticed soark's ghost (journeyman DsFi)
  9349 | Lair:1   | Found the +8 demon blade "Leech" {vamp, rN+ AC-3 EV-3}
  9435 | Lair:1   | Noticed an oklob plant
  9474 | Lair:1   | Killed an oklob plant
  9480 | Lair:1   | Killed an oklob plant
  9844 | Lair:1   | Killed soark's ghost
  9945 | Lair:2   | Reached skill level 1 in Invocations
  9968 | Lair:2   | HP: 1/78 [crocodile (16)]
  9968 | Lair:2   | Slain by a komodo dragon

Vault maps used:
D:1:      dpeg_arrival_water_temple_mockup
D:2:      overflow_temple_1_default
D:3:      zin_statuary
D:4:      uniq_natasha
D:5:      nicolae_overflow_hidden_temple, vehumet_crystals, first_ration,
          hangedman_abyss_or_decor_lesser_grid, uniq_blork_the_orc, uniq_edmund
D:6:      yredelemnul_altar_generic, lemuel_round_altar,
          kiku_gazebo_garden_becter, nicolae_dithmenos_the_darkroom,
          serial_rivers, chequers_serial_rivers_small_3,
          chequers_serial_rivers_micro_c, chequers_serial_rivers_small_b,
          chequers_serial_rivers_micro_d, chequers_serial_rivers_micro_e,
          chequers_serial_rivers_micro_e, serial_bayou_crossing
D:7:      doesnt_xom_only_xom, minmay_temple_entry_glass
D:8:      dk_rats_in_the_wall
D:9:      old_standard_altar, lair_entry_dummy
Lair:1:   ebering_ghost_disaster_area, minmay_lair_oklob_chamber,
          lemuel_fruit_tree, uniq_sonja, uniq_harold
Lair:2:   worms_lemuel, lemuel_fruit_fields, grunt_megastairs_3

Skill      XL: |  1  2  3  4  5  6  7  8  9 10 11 |
---------------+----------------------------------+-----
Long Blades    | 3 4 5 6 7 9 10 | 10.8
Dodging        | 3 4 5 6 7 |  7.9
Armour         | 1 2 3 4 5 6 7 |  7.2
Fighting       | 3 4 5 6 7 8 |  8.4
Invocations    | 1 |  1.6
Throwing       | |  1.7

Action                   |  1- 3 |  4- 6 |  7- 9 | 10-12 || total
-------------------------+-------+-------+-------+-------++-------
Melee: Long sword        |    89 |    84 |   194 |   124 ||   491
       Flail             |       |       |       |     3 ||     3
       Demon blade       |       |       |       |    25 ||    25
Throw: Throwing net      |       |     5 |       |       ||     5
Invok: Recall Ancestor   |       |       |     1 |       ||     1
       Ancestor Life: Ba |       |       |     1 |       ||     1
Evoke: Wand              |       |       |     3 |     1 ||     4
  Use: Scroll            |     3 |     3 |    12 |     6 ||    24
       Potion            |       |     1 |     3 |     4 ||     8
 Stab: Sleeping          |     1 |     4 |       |       ||     5
       Distracted        |       |     1 |     1 |     1 ||     3
       Held in net/web   |       |     1 |       |       ||     1
  Eat: Chunk             |     1 |     5 |    14 |     2 ||    22
       Ration            |       |       |       |     4 ||     4
Armor: Leather armour    |    28 |    14 |    42 |    27 ||   111
Dodge: Dodged            |    85 |    57 |   145 |    82 ||   369
Block: Other             |       |       |    17 |    16 ||    33
       Rpst.: Long sword |    21 |    18 |    42 |    21 ||   102
       Demon blade       |       |       |       |     7 ||     7

Table legend:
 A = Non-vault XP
 B = Vault XP
 C = Vault XP percentage of total XP
 D = Non-vault monster count
 E = Vault monster count
 F = Vault count percentage of total count
                 A         B        C        D         E       F
            +---------+---------+-------+---------+---------+-------
      Total |   10374 |    4626 |  30.8 |     189 |      10 |   5.0
            +---------+---------+-------+---------+---------+-------
        D:1 |      55 |       0 |   0.0 |      27 |       0 |   0.0
        D:2 |      69 |       0 |   0.0 |      23 |       0 |   0.0
        D:3 |      56 |       0 |   0.0 |      13 |       0 |   0.0
        D:4 |     410 |     131 |  24.2 |      15 |       2 |  11.8
        D:5 |     624 |     166 |  21.0 |      19 |       1 |   5.0
        D:6 |     437 |       0 |   0.0 |      11 |       0 |   0.0
        D:7 |     428 |       0 |   0.0 |      20 |       0 |   0.0
        D:8 |    1305 |       0 |   0.0 |      19 |       0 |   0.0
        D:9 |    2765 |       0 |   0.0 |      20 |       0 |   0.0
     Lair:1 |    3195 |    3850 |  54.6 |      13 |       5 |  27.8
     Lair:2 |    1030 |     479 |  31.7 |       9 |       2 |  18.2
            +---------+---------+-------+---------+---------+-------
